 Dungeon Crawl Stone Soup version 0.30-a0-219-gf2db51d15e (webtiles) character file.

Game seed: 4363857200736017918

102 Juicyj the Grave Robber (level 4, -2/30 HPs)
             Began as a Demonspawn Necromancer on Oct 7, 2022.
             Killed by divine providence
             ... invoked by an orc priest
              (13 damage)
             ... on level 3 of the Dungeon.
             The game lasted 00:07:30 (2682 turns).

Juicyj the Grave Robber (Demonspawn Necromancer)    Turns: 2682, Time: 00:07:31

Health: -2/30      AC: 10    Str: 11    XL:     4   Next: 49%
Magic:  1/8        EV: 12    Int: 23    God:
Gold:   150        SH:  0    Dex: 14    Spells: 2/8 levels left

rFire   . . .      SeeInvis .    d - +0 short sword
rCold   . . .      Faith    .    (no shield)
rNeg    + + .      Spirit   .    a - +1 robe
rPois   .          Reflect  .    g - +2 helmet of Tulips {*Slow rN++ Str+4}
rElec   .          Harm     .    j - scarf {shadows}
rCorr   .          Rampage  .    (no gloves)
Will    .....                    (no boots)
Stlth   +++.......               i - amulet of the acrobat
HPRegen 0.25/turn                k - +4 ring of protection
MPRegen 0.11/turn                (no ring)

@: mighty, slowed, very slow
A: thin skeletal structure 1, powered by pain 1, clever 1, wild magic 1
a: no special abilities


You were on level 3 of the Dungeon.
You visited 1 branch of the dungeon, and saw 3 of its levels.

You collected 150 gold pieces.

Inventory:

Hand Weapons
 d - a +0 short sword (weapon)
 o - a +0 vorpal quarterstaff
Armour
 a - a +1 robe (worn)
 g - the +2 helmet of Tulips (worn) {*Slow rN++ Str+4}
   (You acquired it on level 3 of the Dungeon)

   Str:       It affects your strength (+4).
   rN:        It greatly protects you from negative energy.
   *Slow:     It may slow you when you take damage.
 j - a scarf of shadows (worn)
Jewellery
 i - an amulet of the acrobat (around neck)
 k - a +4 ring of protection (left hand)
Scrolls
 f - a scroll of summoning
 n - a scroll of teleportation {unknown}
Potions
 b - a potion of magic
 c - 2 potions of mutation
 e - a potion of lignification
 h - 2 potions of curing
 l - 2 potions of heal wounds {unknown}
 m - a potion of resistance {unknown}


   Skills:
 + Level 1.8 Dodging
 + Level 2.0 Stealth
 + Level 2.9 Spellcasting
 + Level 5.9 Necromancy


You had 2 spell levels left.
You knew the following spells:

 Your Spells              Type           Power      Damage    Failure   Level
a - Necrotise             Necr           100%       1d9       2%          1
b - Vampiric Draining     Necr           39%        2d8       5%          3
c - Sublimation of Blood  Necr           39%        N/A       3%          2

Your spell library contained the following spells:

 Spells                   Type           Power      Damage    Failure   Level
 Sandblast                Erth           8%         2d5       17%         1
 Passwall                 Tmut/Erth      3%         N/A       26%         2
 Static Discharge         Conj/Air       8%         2-3/arc   26%         2
 Wereblood                Tmut           4%         N/A       26%         2
 Animate Dead             Necr           39%        N/A       16%         4
 Agony                    Necr           39%        N/A       36%         5
 Stone Arrow              Conj/Erth      8%         3d7       43%         3
 Vhi's Electric Charge    Tloc/Air       8%         N/A       43%         3
 Arcjolt                  Conj/Air       2%         1d12      98%         5
 Lightning Bolt           Conj/Air       2%         1d13      98%         5
 Summon Hydra             Summ           2%         N/A       100%        7


Dungeon Overview and Level Annotations

Branches:
Dungeon (3/15)

Altars:
Yredelemnul


Innate Abilities, Weirdness & Mutations

You have a somewhat thin skeletal structure. (Dex +2, Stealth+)
You sometimes gain a little power by taking damage.
Your mind is acute. (Int +4, Str/Dex -1)
Your spells are a little harder to cast, but a little more powerful.


Message History

Your orc skeleton hits the orc priest.
The orc priest writhes in agony.
The orc hits you but does no damage.
The orc priest hits you but does no damage.
The orc priest hits your orc skeleton with a +0 hand axe.
Your orc skeleton barely misses the orc.
Your orc skeleton barely misses the orc priest.
Your orc skeleton closely misses the orc priest.
Your orc skeleton hits the orc but does no damage.
Your orc skeleton hits the orc priest.
The orc priest hits your orc skeleton with a +0 hand axe!
Your orc skeleton is destroyed!
The orc priest barely misses you.
The orc priest invokes the aid of Beogh against you.
Pain shoots through your body!
You feel yourself slow down. The orc attacks as you move away!
The orc misses you.
The orc priest looks satisfied for a moment.
Your orc skeleton hits the orc priest but does no damage.
The orc attacks as you move away! The orc completely misses you.
The orc priest mumbles some strange prayers to Beogh against your orc skeleton.
Your orc skeleton is smitten.
Your orc skeleton is destroyed!
The orc barely misses you.
The orc priest mumbles some strange prayers to Beogh against you.
Beogh smites you!
You focus on the pain.
You feel very mighty all of a sudden.
You closely miss the orc. The orc hits you but does no damage.
You puncture the orc!
You kill the orc!
The orc priest calls down the wrath of Beogh upon you.
Beogh smites you!
* * * LOW HITPOINT WARNING * * *
You focus on the pain.
You feel mightier all of a sudden.
It was a potion of mutation.
You feel extremely strange.
You feel clever.
You feel less in control of your magic.
It was a potion of curing.
You feel better.
The orc priest hits you with a +0 hand axe.
The orc priest calls down the wrath of Beogh upon you.
Beogh smites you!
You die...

..... ####.... ....
#... ....#.. .... ..#
##.... ... ..# ##.....
..# #.# #...##. #.#
#.# #.#.##. .. #.#
##.###.#.#.. ... #@#
###......#...# ....
#o###....#####..##
..)## #.##..##.#
##..... ... #.##.#
#.###....## #Z##..[.#
#.##.....## #)......#
#.##.#..#..
#.....#.###.##.#..#..
#..##.##.#......#[.#..
#.# #......#.##...#...


You could see an orc priest.

Vanquished Creatures
  2 adders
  2 worms
  2 dart slugs (D:1)
  4 orcs (D:3)
  5 bats
  5 endoplasms
  3 giant cockroaches
  5 goblins
  10 hobgoblins
  2 jackals (D:1)
  3 kobolds (D:1)
  5 quokkas
  6 ball pythons
  2 frilled lizards (D:1)
  6 rats
62 creatures vanquished.

Vanquished Creatures (collateral kills)
  An orc (D:3)
  An endoplasm (D:1)
  A rat (D:1)
3 creatures vanquished.

Grand Total: 65 creatures vanquished

Notes
Turn   | Place    | Note
-------+----------+-------------------------------------------
     0 | D:1      | Juicyj the Demonspawn Necromancer began the quest for the
                  | Orb.
     0 | D:1      | Reached XP level 1. HP: 13/13 MP: 3/3
   127 | D:1      | Gained mutation: You sometimes gain a little power by
                  | taking damage. [demonic ancestry]
   127 | D:1      | Reached XP level 2. HP: 19/19 MP: 0/5
   284 | D:1      | Reached skill level 5 in Necromancy
   647 | D:1      | Gained mutation: You have a somewhat thin skeletal
                  | structure. (Dex +2, Stealth+) [demonic ancestry]
   647 | D:1      | Reached XP level 3. HP: 24/24 MP: 3/6
   651 | D:1      | Learned a level 3 spell: Vampiric Draining
   783 | D:1      | Learned a level 2 spell: Sublimation of Blood
  1460 | D:2      | Found a basalt altar of Yredelemnul.
  2179 | D:2      | Reached XP level 4. HP: 30/30 MP: 4/8
  2288 | D:2      | Found a faded altar of an unknown god.
  2468 | D:3      | Identified a scroll of acquirement
  2468 | D:3      | Acquired the +2 helmet of Tulips {*Slow rN++ Str+4}
  2681 | D:3      | Gained mutation: Your mind is acute. (Int +4, Str/Dex -1)
                  | [potion of mutation]
  2681 | D:3      | Gained mutation: Your spells are a little harder to cast,
                  | but a little more powerful. [potion of mutation]
  2682 | D:3      | Killed from afar by an orc priest

Illustrated notes

Levels and vault maps discovered:
D:1:      minmay_arrival_wavy_path, layout_basic, st_stairs_14,
          minmay_nonomino_d4
D:2:      layout_basic, basic_altar, shapermc_ecumenical_altar_notcrosses
D:3:      layout_rooms, serial_shops, nicolae_shop_statue_plus

Skill      XL: |  1  2  3  4 |
---------------+-------------+-----
Necromancy     | 5 |  5.9
Stealth        | 2 |  2.0
Dodging        | |  1.8
Spellcasting   | |  2.9

Action                   |  1- 3 |  4- 6 || total
-------------------------+-------+-------++-------
Melee: Short sword       |     6 |     3 ||     9
 Cast: Necrotise         |    81 |    37 ||   118
  Use: Scroll            |     2 |     4 ||     6
       Potion            |       |     2 ||     2
Armor: Robe              |     3 |     3 ||     6
Dodge: Dodged            |    11 |     9 ||    20

Table legend: (Time is in decaauts)
 A = Elapsed time spent in this place.
 B = Non-inter-level travel time spent in this place.
 C = Inter-level travel time spent in this place.
 D = Time resting spent in this place.
 E = Time spent auto-exploring this place.
 F = Levels seen in this place.
 G = Mean time per level.
                   A        B        C        D        E       F      G
               +--------+--------+--------+--------+--------+-----+--------+
         Total |   2683 |   2652 |     31 |      0 |   2257 |   3 |  894.3 |
       Dungeon |   2683 |   2652 |     31 |      0 |   2257 |   3 |  894.3 |
               +--------+--------+--------+--------+--------+-----+--------+

Top non-repeatable levels by time:
     D:1: 1360 daAuts
     D:2: 1020 daAuts
     D:3: 302 daAuts
